Map: Sludge City

Players

acslayer - Winner!

  • Race: Terran Terran
  • League: Master
  • Spawn Location: 9:00

UrineTrouble - Winner!

  • Race: Protoss Protoss
  • League: Platinum
  • Spawn Location: 11:00

Tenonee

  • Race: Zerg Zerg
  • League: Diamond
  • Spawn Location: 5:00

Hostile

  • Race: Zerg Zerg
  • League: Diamond
  • Spawn Location: 5:00

VOD

Have the link to the VOD?

Description

Time

  • Played on: July 29, 2016, 8:45 a.m.
  • Length: 14:37
Show
View Real Time Build Order
Export as new Build Order

acslayer Terran - Winner!

Build Orders: Bio Tank 

Get SALT Encoding   

  12  0:01  SCV  
  13  0:13  SCV  
  14  0:17  Supply Depot  
  14  0:25  SCV  
  15  0:39  SCV  
  15  0:41  Barracks  
  16  0:51  Refinery, SCV  
  17  1:03  SCV  
  18  1:19  Supply Depot  
  18  1:21  SCV  
  19  1:34  Orbital Command  
  19  1:43  Barracks  
  19  1:46  Barracks Reactor  
  19  2:00  SCV  
  20  2:08  Command Center  
  20  2:12  SCV  
  21  2:23  Marine x2  
  21  2:24  SCV  
  21  2:27  Refinery  
  24  2:35  Supply Depot  
  24  2:39  Barracks Tech Lab  
  24  2:40  Factory  
  24  2:42  SCV  
  25  2:46  Marine  
  25  2:47  Marine  
  27  2:54  SCV  
  28  3:00  Stimpack  
  28  3:03  Marine  
  29  3:05  Marine x2  
  29  3:10  SCV  
  32  3:23  SCV  
  32  3:26  Factory Tech Lab  
  33  3:27  Marine x3  
  36  3:35  SCV  
  37  3:43  Starport  
  37  3:46  Barracks  
  37  3:52  SCV  
  38  3:57  Orbital Command  
  38  4:05  SCV  
  39  4:12  Siege Tank  
  42  4:17  SCV  
  42  4:20  Refinery  
  43  4:25  Marine  
  43  4:27  Barracks Reactor  
  43  4:28  SCV  
  45  4:31  Supply Depot  
  45  4:35  Medivac x2  
  45  4:38  SCV  
  50  4:39  Marine  
  50  4:40  SCV  
  50  4:43  Marine, Refinery  
  53  4:51  SCV  
  54  4:53  SCV  
  54  4:55  Supply Depot  
  54  4:58  Supply Depot  
  55  5:00  Siege Tank  
  55  5:03  Combat Shields, Marine x2  
  55  5:05  Marine x2  
  62  5:17  SCV x2  
  62  5:18  Engineering Bay  
  64  5:22  Barracks Reactor  
  64  5:23  Marine x3  
  64  5:24  Medivac  
  69  5:29  Supply Depot, SCV  
  69  5:30  SCV  
  69  5:33  Medivac  
  73  5:41  Siege Tank  
  73  5:42  SCV x2  
  78  5:57  Supply Depot x2, Marine x2, Marauder  
  78  5:58  Supply Depot  
  78  5:59  Marine x2  
  85  6:04  SCV x2  
  86  6:13  Missile Turret  
  86  6:14  Terran Infantry Weapons Level 1  
  86  6:18  Marine, Medivac x2  
  91  6:38  SCV x2  
  93  6:41  Marine  
  93  6:42  Concussive Shells, Marine  
  93  6:44  Marine x2, Siege Tank, Marauder  
  102  6:47  Command Center  
  102  6:54  Supply Depot  
  102  6:55  Supply Depot  
  102  6:56  Sensor Tower  
  102  7:07  Barracks  
  102  7:08  Barracks  
  102  7:10  SCV x2  
  102  7:13  Barracks, Marauder  
  106  7:38  Siege Tank  
  106  7:39  Marauder  
  111  7:45  Factory  
  111  7:47  SCV x2  
  113  7:55  Refinery  
  112  7:59  SCV x2  
  112  8:02  Refinery  
  114  8:11  SCV  
  80  8:23  Marine x2, Marauder  
  80  8:25  Terran Infantry Armor Level 1, Armory  
  84  8:30  Engineering Bay, Orbital Command  
  84  8:31  SCV x2  
  86  8:34  Marine  
  86  8:35  Factory Tech Lab, Marine  
  86  8:38  Medivac x2, Siege Tank  
  95  8:43  SCV x2  
  95  8:44  Supply Depot  
  95  8:45  Marauder  
  99  8:50  Barracks Tech Lab, Barracks Reactor x2  
  100  8:55  SCV x2  
  100  8:57  SCV  
  100  9:00  Starport  
  102  9:06  Marauder  
  102  9:07  SCV x2  
  102  9:08  Viking x2, Marine  
  102  9:09  SCV, Marine, Marauder  
  115  9:10  Siege Tank  
  115  9:11  Siege Tank  
  121  9:28  Marauder  
  121  9:30  Marine, Marauder  
  121  9:31  Marine x2  
  106  9:34  Marine x3  
  105  9:41  Marine x2  
  107  9:46  Siege Tank  
  107  9:47  SCV x3  
  107  9:48  Marine x2  
  107  9:49  Marine, Marauder  
  107  9:51  Terran Infantry Weapons Level 2  
  107  9:52  Marauder  
  120  9:53  Terran Vehicle Weapons Level 1  
  120  10:04  Marine  
  120  10:05  Marine  
  123  10:07  SCV  
  123  10:09  Starport Reactor  
  123  10:10  Marauder  
  123  10:13  Marauder  
  128  10:18  Orbital Command  
  127  10:22  Terran Infantry Armor Level 2  
  127  10:24  Siege Tank  
  127  10:25  Marine x5  
  127  10:26  Marine  
  127  10:28  Command Center  
  136  10:32  Marauder  
  136  10:34  Marauder  
  140  10:44  Marine  
  141  10:59  Marine  
  141  11:08  Marine, Marauder  
  141  11:10  Marine x3  
  141  11:12  Marine x2, Marauder  
  133  11:23  Marine  
  134  11:25  Viking x2  
  134  11:26  Viking, Marine  
  141  11:44  Marauder x2, Viking, Marine x4, SCV x3  
  154  11:53  Marine x2  
  156  11:55  Marine  
  155  12:02  Marine  
  155  12:06  Orbital Command  
  156  12:15  Marauder  
  155  12:16  Marauder  
  156  12:34  Marine  
  156  12:50  Marine x2  
  156  12:51  Marine x2, Marauder  
  156  12:52  Marauder  
  156  12:56  Marine x3  
  149  13:01  Siege Tank x2  
  155  13:08  Marine  
  156  13:15  Viking x4, Marine x3, Marauder x2  
  156  13:17  Supply Depot x3  
  156  13:18  Supply Depot x4  
  171  13:20  Supply Depot  
  171  13:38  Marauder x2  
  171  13:40  Marine x5  
  171  13:41  Thor, Marine x2  
  182  13:44  Orbital Command  
  182  13:47  Refinery x2  
  188  13:53  Thor  
  188  13:54  Refinery  
  194  13:56  Refinery  
  194  13:58  Marine  
  194  14:00  Marauder x2  
  199  14:04  SCV  
Show
View Real Time Build Order
Export as new Build Order

UrineTrouble Protoss - Winner!

Build Orders:  

Get SALT Encoding   

  12  0:01  Probe (Chrono Boost)  
  13  0:12  Probe (Chrono Boost)  
  14  0:21  Pylon  
  14  0:25  Probe (Chrono Boost)  
  15  0:39  Probe (Chrono Boost)  
  16  0:50  Probe (Chrono Boost)  
  17  0:58  Pylon  
  17  1:00  Probe (Chrono Boost)  
  18  1:15  Gateway  
  18  1:16  Gateway  
  18  1:17  Gateway  
  18  1:28  Assimilator  
  18  1:32  Gateway  
  18  1:36  Gateway  
  18  1:44  Gateway  
  18  1:47  Pylon  
  18  1:57  Forge  
  18  2:05  Zealot  
  18  2:06  Zealot  
  22  2:21  Zealot  
  24  2:23  Zealot  
  26  2:32  Zealot  
  27  2:41  Photon Cannon  
  27  2:47  Gateway  
  27  2:53  Pylon  
  27  3:03  Probe (Chrono Boost)  
  28  3:05  Assimilator  
  28  3:09  Assimilator  
  28  3:18  Cybernetics Core  
  28  3:20  Probe (Chrono Boost)  
  29  3:37  Zealot  
  29  3:38  Zealot  
  31  4:01  Probe (Chrono Boost)  
  24  4:12  Probe (Chrono Boost)  
  24  4:16  Nexus  
  25  4:22  Probe (Chrono Boost)  
  22  4:33  Probe (Chrono Boost)  
  22  4:35  Photon Cannon  
  23  4:43  Probe (Chrono Boost), Pylon  
  24  4:56  Warp Gate, Mothership Core (Chrono Boost)  
  26  5:06  Stargate  
  26  5:14  Probe (Chrono Boost)  
  26  5:16  Assimilator  
  27  5:21  Assimilator  
  27  5:25  Probe (Chrono Boost)  
  28  5:29  Probe (Chrono Boost)  
  29  5:36  Probe (Chrono Boost)  
  29  5:39  Probe (Chrono Boost)  
  31  5:48  Stargate  
  31  5:53  Stargate  
  32  5:57  Probe (Chrono Boost)  
  32  5:59  Probe (Chrono Boost)  
  41  6:43  Nexus  
  33  6:52  Probe x2 (Chrono Boost)  
  35  7:03  Probe x2 (Chrono Boost)  
  37  7:08  Void Ray x2  
  37  7:12  Void Ray  
  37  7:15  Probe (Chrono Boost)  
  51  7:16  Probe (Chrono Boost)  
  51  7:22  Pylon  
  51  7:27  Probe (Chrono Boost)  
  50  7:32  Pylon  
  50  7:33  Pylon  
  50  7:39  Probe (Chrono Boost)  
  50  7:40  Probe (Chrono Boost)  
  53  7:52  Probe (Chrono Boost), Photon Cannon  
  53  7:53  Photon Cannon  
  53  7:55  Photon Cannon  
  55  7:58  Probe (Chrono Boost)  
  55  8:00  Probe (Chrono Boost)  
  55  8:04  Probe (Chrono Boost)  
  56  8:12  Probe (Chrono Boost)  
  57  8:15  Probe (Chrono Boost)  
  57  8:16  Probe (Chrono Boost)  
  59  8:24  Probe (Chrono Boost)  
  59  8:26  Probe (Chrono Boost)  
  62  8:28  Probe (Chrono Boost)  
  62  8:31  Void Ray  
  62  8:32  Void Ray  
  62  8:33  Void Ray  
  62  8:38  Probe (Chrono Boost)  
  62  8:40  Probe (Chrono Boost)  
  62  8:41  Assimilator  
  76  8:44  Assimilator  
  76  8:51  Protoss Ground Armor Level 1, Protoss Air Armor Level 1  
  76  9:09  Void Ray x2  
  76  9:10  Void Ray  
  76  9:13  Probe (Chrono Boost)  
  90  9:25  Probe (Chrono Boost)  
  90  9:37  Probe (Chrono Boost)  
  91  9:50  Probe (Chrono Boost)  
  92  9:55  Pylon x2  
  92  9:56  Pylon  
  92  9:58  Pylon  
  92  9:59  Pylon  
  92  10:02  Probe (Chrono Boost)  
  92  10:06  Pylon  
  93  10:07  Pylon  
  94  10:15  Probe (Chrono Boost)  
  94  10:27  Probe (Chrono Boost)  
  95  10:39  Probe (Chrono Boost)  
  96  10:43  Void Ray x3  
  109  10:51  Probe (Chrono Boost)  
  109  11:08  Robotics Facility  
  109  11:10  Probe (Chrono Boost), Robotics Facility  
  110  11:12  Robotics Facility  
  110  11:14  Robotics Facility  
  110  11:17  Robotics Facility  
  110  11:19  Robotics Facility  
  110  11:22  Probe (Chrono Boost)  
  111  11:25  Phoenix x2  
  111  11:26  Phoenix  
  106  11:34  Probe (Chrono Boost)  
  102  11:46  Probe (Chrono Boost)  
  103  11:47  Phoenix x3  
  93  11:58  Probe (Chrono Boost)  
  94  12:06  Robotics Bay  
  94  12:09  Phoenix x3  
  94  12:10  Probe (Chrono Boost)  
  101  12:22  Probe (Chrono Boost)  
  102  12:31  Nexus, Phoenix x3  
  102  12:34  Probe (Chrono Boost)  
  109  12:40  Extended Thermal Lance  
  109  12:46  Probe (Chrono Boost)  
  109  12:47  Nexus  
  106  12:56  Phoenix  
  109  12:59  Probe (Chrono Boost)  
  109  13:23  Colossus  
  109  13:24  Colossus x3  
  133  13:33  Pylon  
  133  13:34  Pylon  
  133  13:35  Pylon x2  
  133  13:40  Pylon  
  133  13:47  Pylon  
  133  14:01  Probe x3 (Chrono Boost)  
Show
View Real Time Build Order
Export as new Build Order

Tenonee Zerg 

Build Orders: Hatch First, Lurkers 

Get SALT Encoding   

  12  0:02  Drone  
  13  0:08  Drone  
  14  0:18  Overlord  
  14  0:27  Extractor  
  14  0:28  Extractor  
  12  0:29  Drone  
  12  0:30  Drone  
  16  0:42  Drone  
  17  0:57  Hatchery  
  17  1:00  Extractor  
  15  1:14  Spawning Pool  
  14  1:22  Drone  
  14  1:23  Drone  
  16  1:26  Drone  
  17  1:42  Drone  
  18  1:51  Overlord  
  18  1:55  Drone  
  19  2:02  Metabolic Boost  
  19  2:13  Roach Warren  
  18  2:27  Zergling x4  
  20  2:34  Queen  
  20  2:37  Queen  
  24  2:59  Drone x4  
  28  3:06  Overlord  
  28  3:18  Spine Crawler  
  27  3:22  Spine Crawler  
  27  3:24  Spine Crawler  
  25  3:32  Roach x2  
  29  3:38  Roach x2  
  33  3:49  Roach  
  33  3:53  Overlord x2  
  35  4:08  Lair  
  35  4:09  Drone  
  36  4:13  Drone x2  
  36  4:14  Drone x2  
  40  4:18  Drone  
  41  4:36  Drone x6  
  41  4:37  Drone  
  48  4:41  Extractor  
  47  4:51  Drone x5  
  52  4:55  Extractor x2  
  52  4:57  Overlord  
  50  5:00  Queen  
  50  5:06  Spore Crawler x2  
  50  5:18  Drone  
  51  5:23  Drone x4  
  51  5:24  Drone  
  51  5:27  Glial Reconstitution  
  56  5:32  Hydralisk Den  
  56  5:33  Drone x2  
  57  5:44  Queen  
  57  5:45  Overlord  
  59  6:12  Lurker Den  
  59  6:14  Overlord  
  59  6:17  Drone x4  
  63  6:19  Hatchery  
  62  6:27  Overlord x4  
  62  6:44  Roach  
  62  6:45  Hydralisk x2, Roach x2  
  62  6:46  Roach x3  
  78  6:53  Ravager  
  78  6:54  Ravager x4  
  83  7:03  Zergling x2  
  83  7:04  Evolution Chamber  
  83  7:06  Evolution Chamber  
  82  7:32  Zerg Ground Armor Level 1, Zerg Missile Weapons Level 1  
  82  7:33  Overlord x2  
  82  7:35  Hydralisk x3  
  82  7:36  Hydralisk, Roach x4  
  97  7:57  Hydralisk  
  97  7:58  Hydralisk x2, Roach x3  
  98  7:59  Roach x2  
  102  8:20  Queen  
  102  8:24  Lurker x4  
  102  8:26  Roach x2  
  102  8:27  Roach x3  
  116  8:28  Roach  
  120  8:45  Spine Crawler  
  119  8:58  Extractor, Overlord x2  
  119  8:59  Overlord  
  119  9:00  Extractor  
  117  9:03  Hydralisk x2, Roach x3  
  117  9:04  Roach  
  129  9:15  Overlord x2  
  86  9:42  Zerg Missile Weapons Level 2, Zerg Ground Armor Level 2  
  86  9:43  Infestation Pit  
  80  9:47  Drone x2  
  80  9:48  Drone  
  80  9:49  Drone x3  
  80  9:50  Drone x4  
  90  9:54  Zergling x2  
  90  9:56  Hydralisk  
  92  10:12  Hydralisk  
  92  10:13  Hydralisk x3  
  100  10:21  Hydralisk x2  
  104  10:29  Muscular Augments  
  104  10:36  Hydralisk x2  
  108  10:55  Hydralisk  
  108  10:56  Hydralisk x4  
  86  11:18  Hydralisk x2, Roach  
  54  11:19  Roach x3  
  54  11:25  Lurker  
  57  11:33  Lurker  
  57  11:34  Hydralisk, Roach  
  53  12:09  Hydralisk x3, Roach x2  
  53  12:10  Roach x3  
  67  12:20  Roach x2  
  69  12:23  Lurker  
  69  12:24  Lurker  
  71  12:57  Hydralisk x2  
  71  12:58  Hydralisk x2, Roach x4  
  78  12:59  Roach  
  86  13:07  Hatchery  
  86  13:12  Hatchery  
  84  13:19  Spire  
  77  13:22  Overseer x2  
  77  13:29  Hydralisk x2, Roach x2  
  77  13:30  Roach  
  77  13:33  Ravager x4  
  91  13:35  Zergling x2  
  92  13:46  Pneumatized Carapace  
  92  13:50  Hydralisk, Roach  
  96  13:57  Hydralisk x2, Roach  
  96  13:58  Roach x2  
  93  14:11  Hydralisk, Roach  
  84  14:18  Hatchery  
Show
View Real Time Build Order
Export as new Build Order

Hostile Zerg 

Build Orders: Pool First 

Get SALT Encoding   

  12  0:02  Drone  
  13  0:13  Overlord  
  13  0:18  Drone  
  14  0:24  Extractor, Drone  
  15  0:33  Drone  
  16  0:38  Drone  
  17  0:52  Spawning Pool  
  17  0:54  Drone  
  17  1:04  Drone  
  18  1:18  Hatchery  
  18  1:22  Drone  
  18  1:25  Extractor  
  17  1:29  Drone  
  18  1:39  Drone  
  19  1:40  Queen  
  21  1:49  Overlord  
  22  2:08  Zergling x4  
  23  2:19  Queen  
  25  2:35  Drone x4  
  29  2:43  Overlord  
  29  2:50  Evolution Chamber  
  28  2:52  Metabolic Boost  
  28  3:00  Drone x2  
  28  3:01  Drone x3  
  33  3:16  Hatchery  
  31  3:39  Zergling x6  
  31  3:40  Zergling x12  
  31  3:41  Zergling x6  
  37  4:14  Zerg Melee Weapons Level 1  
  37  4:18  Baneling Nest  
  35  4:24  Zergling x4  
  35  4:25  Zergling x8  
  35  4:30  Overlord  
  41  4:51  Drone  
  41  4:52  Drone x6  
  48  4:55  Queen  
  48  4:59  Overlord x2  
  50  5:07  Pneumatized Carapace  
  50  5:26  Drone x2  
  52  5:57  Zergling x8  
  52  5:58  Zergling x12  
  52  5:59  Zergling x6  
  62  6:32  Zergling x12  
  64  6:33  Zergling x6  
  64  6:38  Baneling x5  
  64  6:39  Baneling x5  
  66  6:46  Zerg Ground Armor Level 1  
  66  6:48  Extractor  
  66  6:50  Drone x3  
  68  7:16  Hatchery  
  65  7:31  Zergling x8  
  65  7:32  Zergling x10  
  72  7:39  Overlord x3  
  72  7:44  Baneling x5  
  72  7:45  Baneling x5  
  72  7:55  Overlord x2  
  45  8:17  Zergling x10  
  45  8:18  Zergling x8  
  49  8:26  Lair  
  49  8:27  Evolution Chamber  
  49  8:33  Drone x2  
  49  8:34  Drone x2  
  52  8:37  Extractor  
  52  8:39  Extractor  
  50  8:49  Drone x4  
  50  8:52  Drone x4  
  58  8:55  Extractor  
  58  8:56  Hatchery, Extractor  
  58  8:59  Drone  
  58  9:00  Drone x2  
  58  9:07  Drone x3  
  61  9:12  Drone x2  
  61  9:13  Drone x4  
  67  9:32  Drone x4  
  67  9:33  Drone x5  
  67  9:38  Spire  
  73  9:39  Zerg Melee Weapons Level 2  
  73  9:40  Zerg Ground Armor Level 2  
  69  9:51  Spore Crawler x3  
  69  9:52  Drone x4  
  67  10:00  Spore Crawler  
  67  10:01  Spore Crawler  
  67  10:02  Spore Crawler  
  67  10:04  Queen, Spore Crawler  
  67  10:05  Extractor x2  
  63  10:12  Drone x5, Spore Crawler x2  
  63  10:13  Drone x6, Spore Crawler x2  
  72  10:14  Drone x2  
  68  10:52  Mutalisk x2  
  68  10:53  Mutalisk x5  
  68  10:54  Mutalisk x5  
  68  10:55  Mutalisk  
  94  10:57  Mutalisk  
  94  11:02  Zergling x6  
  95  11:18  Mutalisk  
  67  11:51  Zergling x2  
  67  11:52  Zergling x12  
  67  11:53  Zergling x10  
  74  12:08  Zergling x6  
Tags
 
Add a new tag
Caveats
  • Supply blocks, unpowered buildings, or Contaminate may cause inaccurate times.
  • Supply counts are checked every 10 seconds.